Map: World of Sleepers LE

Players

ViBE - Winner!

  • Race: Zerg Zerg
  • League: Gold
  • Spawn Location: 1:00

Guivaalachas

  • Race: Terran Terran
  • League: Gold
  • Spawn Location: 7:00

VOD

Have the link to the VOD?

Description

Time

  • Played on: Dec. 8, 2019, 6:34 p.m.
  • Length: 13:18
Show
View Real Time Build Order
Export as new Build Order

ViBE Zerg - Winner!

Build Orders: Hatch First, Roach Hydra 

Get SALT Encoding   

  12  0:01  Drone  
  13  0:13  Overlord  
  13  0:18  Drone  
  14  0:31  Drone x2  
  16  0:49  Hatchery  
  15  0:53  Drone  
  16  0:57  Drone  
  16  1:02  Drone  
  18  1:16  Spawning Pool  
  18  1:17  Drone  
  18  1:21  Drone  
  19  1:28  Drone  
  20  1:34  Extractor  
  20  1:47  Drone  
  20  1:54  Drone  
  21  2:03  Queen  
  21  2:04  Queen  
  21  2:05  Drone x2  
  27  2:19  Overlord  
  28  2:22  Drone  
  28  2:43  Drone x4  
  32  2:45  Drone x2  
  34  2:51  Lair, Queen  
  34  2:56  Spine Crawler  
  35  3:04  Drone  
  36  3:07  Overlord  
  36  3:13  Overlord  
  36  3:25  Drone x8  
  44  3:35  Drone  
  44  3:41  Overlord  
  45  3:47  Extractor x2  
  43  3:49  Drone x3  
  46  3:58  Roach Warren  
  46  3:59  Evolution Chamber  
  46  4:00  Drone x2  
  46  4:06  Drone  
  46  4:07  Drone x3  
  46  4:08  Drone  
  46  4:09  Drone  
  54  4:10  Drone x2  
  54  4:22  Hatchery  
  53  4:26  Overlord  
  53  4:27  Overlord  
  53  4:29  Zerg Missile Weapons Level 1  
  53  4:30  Overlord  
  53  4:38  Glial Reconstitution  
  53  4:39  Roach x3  
  53  4:40  Overlord x3  
  59  4:47  Roach  
  59  4:48  Roach x2  
  59  4:51  Queen  
  67  5:00  Roach x2  
  67  5:05  Drone  
  67  5:06  Drone x3  
  75  5:19  Drone x2  
  75  5:20  Drone x2  
  79  5:30  Drone x2  
  81  5:37  Drone  
  81  5:38  Drone x4  
  81  5:39  Hatchery  
  81  5:42  Roach x3  
  91  5:56  Extractor  
  90  5:57  Extractor  
  90  6:04  Drone x9  
  99  6:11  Drone x7  
  99  6:13  Overlord  
  105  6:20  Evolution Chamber  
  105  6:23  Hydralisk Den  
  105  6:25  Overlord x3  
  103  6:27  Extractor  
  102  6:35  Drone  
  102  6:37  Hatchery  
  100  6:44  Drone x3  
  100  6:45  Drone x6  
  109  6:52  Zerg Ground Armor Level 1  
  109  6:53  Zerg Missile Weapons Level 2  
  109  6:54  Grooved Spines  
  109  6:57  Drone x3  
  112  7:02  Infestation Pit  
  112  7:05  Extractor  
  110  7:16  Hydralisk x14  
  138  7:29  Overlord x4  
  138  7:30  Overlord x2  
  138  7:33  Hydralisk  
  140  7:43  Hatchery  
  139  8:06  Muscular Augments  
  139  8:07  Hive  
  139  8:09  Hydralisk x14  
  139  8:11  Hydralisk  
  169  8:45  Hydralisk x12  
  169  8:46  Hydralisk  
  169  8:48  Hydralisk  
  195  8:51  Hydralisk  
  195  8:52  Drone  
  200  9:00  Extractor  
  199  9:06  Spore Crawler  
  199  9:07  Spine Crawler  
  199  9:09  Spore Crawler, Spine Crawler  
  194  9:10  Spine Crawler  
  194  9:11  Spore Crawler, Spine Crawler  
  194  9:13  Spine Crawler x2  
  194  9:15  Spore Crawler  
  194  9:16  Spine Crawler  
  177  9:17  Spine Crawler  
  177  9:20  Drone  
  177  9:21  Drone x2  
  177  9:22  Drone  
  177  9:23  Drone x2  
  182  9:24  Drone x2  
  182  9:25  Drone  
  182  9:26  Drone x2  
  182  9:27  Drone  
  188  9:34  Spore Crawler  
  188  9:37  Drone x2  
  188  9:38  Drone  
  190  9:47  Spine Crawler  
  190  9:49  Spine Crawler  
  188  10:19  Zerg Ground Armor Level 2  
  188  10:20  Zerg Missile Weapons Level 3  
  188  10:32  Drone x3  
  191  10:39  Hatchery  
  138  11:31  Hydralisk x21  
  138  11:32  Hydralisk x19  
  182  11:35  Hydralisk x2  
  192  11:50  Hydralisk x6  
  192  11:51  Hydralisk x2  
  188  12:41  Hydralisk  
  188  12:42  Hydralisk x5  
Show
View Real Time Build Order
Export as new Build Order

Guivaalachas Terran 

Build Orders: 2 Factory 

Get SALT Encoding   

  12  0:05  SCV  
  13  0:17  SCV  
  13  0:20  Supply Depot  
  14  0:29  SCV  
  15  0:42  SCV  
  16  0:44  Barracks  
  16  0:52  Supply Depot  
  16  0:54  SCV  
  17  1:06  SCV  
  17  1:08  Refinery  
  18  1:18  SCV  
  19  1:30  SCV  
  20  1:34  Refinery  
  20  1:36  Marine  
  20  1:39  Barracks  
  21  1:47  SCV  
  22  2:05  SCV  
  23  2:08  Marine  
  23  2:14  Factory  
  24  2:26  Marine  
  25  2:34  Command Center, Marine  
  26  2:38  SCV  
  27  2:50  SCV  
  28  2:55  Factory  
  28  3:02  SCV  
  28  3:03  Marine x2  
  31  3:11  Supply Depot  
  31  3:17  Supply Depot  
  31  3:29  Supply Depot  
  31  3:33  SCV  
  32  3:36  Marine  
  33  3:45  SCV  
  33  3:46  Marine  
  35  3:51  Hellion  
  37  3:57  SCV  
  38  4:23  SCV x2  
  40  4:32  Refinery  
  40  4:34  Refinery  
  40  4:35  SCV x2  
  42  4:42  Starport  
  42  4:44  Hellion x2  
  46  4:47  SCV x2  
  48  5:02  Marine x2  
  48  5:05  Hellion x2  
  52  5:23  Starport  
  52  5:27  Factory Tech Lab  
  52  5:28  Factory Tech Lab  
  52  5:41  SCV x2  
  54  5:46  Bunker  
  54  5:47  Medivac  
  56  5:53  SCV  
  57  5:57  SCV  
  57  6:00  Liberator  
  57  6:04  Command Center  
  58  6:06  Orbital Command  
  58  6:07  Marine x2  
  58  6:09  SCV, Siege Tank  
  64  6:14  Siege Tank  
  70  6:40  Marine  
  65  6:58  Liberator x2  
  65  7:00  Siege Tank  
  68  7:09  Supply Depot x2  
  68  7:13  Supply Depot  
  68  7:15  Engineering Bay, SCV  
  74  7:19  Orbital Command  
  75  7:28  SCV  
  75  7:29  Marine x2  
  78  7:31  Siege Tank  
  78  7:33  Siege Tank, Supply Depot  
  84  7:41  Liberator  
  87  7:59  SCV x3  
  90  8:09  Marine x2  
  90  8:11  SCV x3  
  95  8:19  Starport Tech Lab  
  95  8:23  SCV  
  95  8:24  Fusion Core  
  96  8:27  Marine  
  96  8:28  Armory  
  96  8:31  Armory  
  97  8:34  SCV  
  97  8:35  SCV x2  
  97  8:37  Refinery  
  97  8:40  Refinery  
  100  8:42  Command Center  
  100  8:46  SCV  
  100  8:47  SCV x2  
  94  9:20  Siege Tank x2  
  94  9:22  Battlecruiser, Starport Tech Lab  
  103  9:36  Marine x2  
  105  9:41  Terran Vehicle And Ship Armor Level 1  
  105  9:42  Terran Vehicle Weapons Level 1  
  105  9:44  Weapon Refit  
  106  9:45  SCV x2  
  106  9:46  SCV  
  106  9:52  Siege Tank x2  
  114  9:54  Marine x2  
  114  9:57  SCV  
  117  10:00  Command Center  
  117  10:08  Liberator  
  117  10:11  Marine  
  117  10:13  Factory  
  118  10:18  Factory  
  118  10:24  Thor, Siege Tank  
  130  10:39  SCV  
  130  10:40  Orbital Command  
  131  10:51  Liberator  
  131  11:11  Siege Tank  
  78  11:42  Marine x2  
  78  11:44  Factory Tech Lab x2  
  78  11:45  Siege Tank  
  78  11:46  Siege Tank  
  83  11:59  Marine  
  83  12:00  Marine  
  83  12:01  Command Center  
  82  12:04  Command Center  
  82  12:17  Marine  
  82  12:18  Siege Tank x2  
  101  12:23  Barracks Tech Lab  
Tags
 
Add a new tag
Caveats
  • Supply blocks, unpowered buildings, or Contaminate may cause inaccurate times.
  • Supply counts are checked every 10 seconds.